Rangers vs Flyers

Created - September 26, 2015 at 12:09

Simulating a Pre-Season

Goals
1 2 3 T
Rangers 1 2 0 3
Flyers 3 1 0 4
Shots
1 2 3 T
Rangers 5 10 13 28
Flyers 18 6 5 29

1st period

1. Flyers , Mike Santorelli 2 (Tom Gilbert, Mike Ribeiro) at 1:17
2. Flyers , Mike Ribeiro 4 (Tom Gilbert, Mike Santorelli) at 4:57
3. Rangers , Mikael Backlund 2 (Chris Tanev) at 6:41
4. Flyers , Carl Hagelin 2 (Tom Gilbert, Kyle Brodziak) at 7:18

Penalties :
No Penalty

2nd period

5. Rangers , Chris Tanev 1 (Eric Brewer, Tyler Ennis) at 11:35 (PP)
6. Rangers , Craig Smith 3 (Chris Tanev, Tyler Ennis) at 12:31
7. Flyers , Joel Ward 3 (Daniel Sedin, Olli Jokinen) at 19:19

Penalties :
Mark Fistric (PHI) for Holding (Minor) at 10:22

3rd period

No Goal

Penalties :
Carl Hagelin (PHI) for Boarding (Minor) at 16:15

Goalie Stats

Brian Elliott (NYR), 25 saves from 29 shots - (0.862), L, 2-1-1, 59:00 minutes
Devan Dubnyk (PHI), 25 saves from 28 shots - (0.893), W, 3-0-1, 60:00 minutes

Players Stats for Rangers

Player Name              G  A  P  +/- PIM S  H  SB GA TA FO     MP     PP MP  PK MP  
------------------------------------------------------------------------------------
Alex Goligoski           0  0  0   0  0   3  5  1  0  0  0/0    25:40   2:01   0:00 
Anton Volchenkov         0  0  0  -1  0   1  0  0  0  0  0/0    13:16   0:00   0:00 
Benoit Pouliot           0  0  0  -1  0   4  2  0  0  0  0/1    13:01   1:48   0:00 
Brad Richards            0  0  0  -1  0   0  1  0  0  0  0/1    11:13   0:00   0:00 
Cedric Paquette          0  0  0   0  0   1  2  0  0  0  4/10    7:58   0:00   0:00 
Chris Tanev              1  2  3  -1  0   2  0  2  0  0  0/0    21:04   1:11   0:00 
Craig Smith              1  0  1  -1  0   1  1  0  0  0  0/1    17:54   1:24   0:00 
David Jones              0  0  0   0  0   0  1  0  0  0  0/0     7:58   0:00   0:00 
Eric Brewer              0  1  1  -1  0   1  1  0  0  0  0/0    14:27   1:11   0:00 
Jaromir Jagr             0  0  0   0  0   0  2  0  0  0  3/3    22:55   1:48   0:00 
Karl Alzner              0  0  0  -1  0   0  1  0  0  0  0/0    19:53   0:00   0:00 
Kris Russell             0  0  0   0  0   3  2  1  0  0  0/0    25:40   2:01   0:00 
Lance Bouma              0  0  0   0  0   0  0  0  0  0  0/0     7:58   0:00   0:00 
Mikael Backlund          1  0  1   0  0   2  2  0  0  0  2/4    21:07   0:00   0:00 
Sean Couturier           0  0  0  -1  0   2  0  0  0  0  3/14   11:13   0:00   0:00 
Tomas Tatar              0  0  0   0  0   2  4  0  0  0  8/25   22:31   1:24   0:00 
Tyler Ennis              0  2  2  -1  0   3  0  0  0  0  1/2    17:54   1:24   0:00 
Zemgus Girgensons        0  0  0  -1  0   3  3  0  0  0  13/26  18:18   1:48   0:00 

Players Stats for Flyers

Player Name              G  A  P  +/- PIM S  H  SB GA TA FO     MP     PP MP  PK MP  
------------------------------------------------------------------------------------
Carl Hagelin             1  0  1  -1  2   4  2  0  0  0  0/0    12:49   0:00   0:05 
Carlo Colaiacovo         0  0  0  -1  0   1  1  2  0  0  0/0    16:27   0:00   1:33 
Damien Brunner           0  0  0   0  0   0  0  0  0  0  1/1     6:26   0:00   0:05 
Damon Severson           0  0  0   0  0   0  0  0  0  0  0/0     0:00   0:00   0:00 
Dan Boyle                0  0  0  -1  0   1  0  1  0  0  0/0    25:09   0:00   1:55 
Daniel Sedin             0  1  1   1  0   2  0  0  0  0  1/1    24:10   0:00   0:00 
Gabriel Bourque          0  0  0   0  0   1  2  0  0  0  4/8     6:21   0:00   0:00 
Jean-Gabriel Pageau      0  0  0   2  0   3  2  1  0  0  2/3    19:17   0:00   0:00 
Joel Ward                1  0  1   1  0   4  2  0  0  0  0/2    20:56   0:00   2:13 
Kyle Brodziak            0  1  1  -1  0   1  0  0  0  0  16/28  14:30   0:00   2:03 
Luca Sbisa               0  0  0   4  0   2  5  0  0  0  0/0    19:16   0:00   0:00 
Mark Fistric             0  0  0  -1  2   1  4  2  0  0  0/0    14:49   0:00   0:44 
Mike Ribeiro             1  1  2   2  0   4  1  0  0  0  15/23  21:23   0:00   1:18 
Mike Santorelli          1  1  2   2  0   4  0  1  0  0  1/2    19:57   0:00   0:40 
Olli Jokinen             0  1  1   1  0   0  2  0  0  0  13/19  19:19   0:00   0:00 
Pierre-Alexandr Parentea 0  0  0  -1  0   1  3  0  0  0  0/0    11:39   0:00   0:00 
Ryan Ellis               0  0  0  -1  0   0  2  0  0  0  0/0    20:52   0:00   0:05 
Tom Gilbert              0  3  3   4  0   0  0  1  0  0  0/0    23:26   0:00   2:07 

3 Stars

1 - Tom Gilbert (PHI)
2 - Mike Ribeiro (PHI)
3 - Mike Santorelli (PHI)

Power Play

Rangers - 1 on 2 Attempt(s) - 50.00%
Flyers - 0 on 0 Attempt(s) - 0.00%

Penalty Kill

Rangers - 0 on 0 Attempt(s) - 0.00% - Score 0 goal in Penalty Kill
Flyers - 1 on 2 Attempt(s) - 50.00% - Score 0 goal in Penalty Kill

Team Stat

Rangers - Hits : 27 - Faceoff Wins : 34 - Blocked Shots : 4 - Penalty Minutes : 0
Flyers - Hits : 26 - Faceoff Wins : 53 - Blocked Shots : 8 - Penalty Minutes : 4

Official

Referees : Marc Joannette and Dave Jackson
Linesman : Scott Cherrey and Matt MacPherson

Game Notes

No Game Note

% Time on Ice - Rangers

Lines # - Real PCT - Wanted PCT - Time Play
Normal Forward
1 - 37% - 40% - 20:41
2 - 29% - 30% - 16:30
3 - 20% - 20% - 11:13
4 - 14% - 10% - 7:58
Normal Defense
1 - 35% - 40% - 19:34
2 - 35% - 30% - 19:53
3 - 24% - 20% - 13:16
4 - 6% - 10% - 3:39
PP Forward
1 - 56% - 60% - 1:48
2 - 44% - 40% - 1:24
PP Defense
1 - 63% - 60% - 2:01
2 - 37% - 40% - 1:11
PK Forward
1 - 0% - 60%
2 - 0% - 40%
PK Defense
1 - 0% - 60%
2 - 0% - 40%
PK3 Forward
1 - 0% - 60%
2 - 0% - 40%
PK3 Defense
1 - 0% - 60%
2 - 0% - 40%
44 Forward
1 - 0% - 60%
2 - 0% - 40%
44 Defense
1 - 0% - 60%
2 - 0% - 40%
Last Minute Offensive  - 0:26
Last Minute Defensive  - 0:00
Total
Forward - 60:00
Defense - 60:00

% Time on Ice - Flyers

Lines # - Real PCT - Wanted PCT - Time Play
Normal Forward
1 - 33% - 40% - 18:43
2 - 34% - 35% - 19:17
3 - 21% - 20% - 11:39
4 - 11% - 5% - 6:21
Normal Defense
1 - 37% - 45% - 20:47
2 - 34% - 30% - 19:16
3 - 25% - 15% - 14:06
4 - 3% - 10% - 1:51
PP Forward
1 - 0% - 60%
2 - 0% - 40%
PP Defense
1 - 0% - 60%
2 - 0% - 40%
PK Forward
1 - 79% - 60% - 2:32
2 - 21% - 40% - 0:40
PK Defense
1 - 48% - 60% - 1:33
2 - 52% - 40% - 1:39
PK3 Forward
1 - 0% - 60%
2 - 0% - 40%
PK3 Defense
1 - 0% - 60%
2 - 0% - 40%
44 Forward
1 - 0% - 60%
2 - 0% - 40%
44 Defense
1 - 0% - 60%
2 - 0% - 40%
Last Minute Offensive  - 0:00
Last Minute Defensive  - 0:48
Total
Forward - 60:00
Defense - 60:00

Play by Play

1st period


0:01 of 1st period - Olli Jokinen wins face-off versus Tomas Tatar in neutral zone.
0:14 of 1st period - Kris Russell is hit by Olli Jokinen and loses puck.
0:41 of 1st period - Ryan Ellis is hit by Mikael Backlund and loses puck.
1:06 of 1st period - Shot by Tyler Ennis.
1:06 of 1st period - Shot Blocked by Mike Santorelli.
1:17 of 1st period - Shot by Mike Santorelli.
1:17 of 1st period - Goal by Mike Santorelli - Rangers : 0 - Flyers : 1.
1:18 of 1st period - Sean Couturier wins face-off versus Kyle Brodziak in neutral zone.
1:47 of 1st period - Shot by Carl Hagelin.
1:47 of 1st period - Stopped by Brian Elliott with a rebound.
1:49 of 1st period - Shot by Carl Hagelin.
1:49 of 1st period - Stopped by Brian Elliott without a rebound.
1:50 of 1st period - Mike Ribeiro wins face-off versus Cedric Paquette in Rangers zone.
1:59 of 1st period - Shot by Mike Santorelli.
1:59 of 1st period - Stopped by Brian Elliott with a rebound.
2:19 of 1st period - Shot by Mike Santorelli.
2:19 of 1st period - Deflect By Jean-Gabriel Pageau.
2:19 of 1st period - Shot Misses the Net.
2:21 of 1st period - Shot by Luca Sbisa.
2:21 of 1st period - Stopped by Brian Elliott without a rebound.
2:22 of 1st period - Gabriel Bourque wins face-off versus Zemgus Girgensons in Rangers zone.
2:26 of 1st period - Icing by Tyler Ennis.
2:27 of 1st period - Damien Brunner wins face-off versus Zemgus Girgensons in Rangers zone.
2:53 of 1st period - Shot by Gabriel Bourque.
2:53 of 1st period - Stopped by Brian Elliott without a rebound.
2:54 of 1st period - Jean-Gabriel Pageau wins face-off versus Tomas Tatar in Rangers zone.
2:54 of 1st period - Jean-Gabriel Pageau is hit by Alex Goligoski.
3:05 of 1st period - Mikael Backlund is hit by Luca Sbisa.
3:28 of 1st period - Mike Ribeiro is hit by Kris Russell and loses puck.
3:32 of 1st period - Icing by Jaromir Jagr.
3:33 of 1st period - Olli Jokinen wins face-off versus Tomas Tatar in Rangers zone.
3:40 of 1st period - Alex Goligoski is hit by Olli Jokinen and loses puck.
4:37 of 1st period - Shot by Benoit Pouliot.
4:37 of 1st period - Shot Misses the Net.
4:39 of 1st period - Shot by Sean Couturier.
4:39 of 1st period - Stopped by Devan Dubnyk without a rebound.
4:40 of 1st period - Zemgus Girgensons wins face-off versus Mike Ribeiro in Flyers zone.
4:43 of 1st period - Shot by Tyler Ennis.
4:43 of 1st period - Shot Misses the Net.
4:57 of 1st period - Shot by Mike Ribeiro.
4:57 of 1st period - Goal by Mike Ribeiro - Rangers : 0 - Flyers : 2.
4:58 of 1st period - Kyle Brodziak wins face-off versus Cedric Paquette in neutral zone.
5:16 of 1st period - Shot by Pierre-Alexandr Parenteau.
5:16 of 1st period - Stopped by Brian Elliott without a rebound.
5:17 of 1st period - Olli Jokinen wins face-off versus Zemgus Girgensons in Rangers zone.
5:20 of 1st period - Shot by Joel Ward.
5:20 of 1st period - Shot Misses the Net.
5:22 of 1st period - Shot by Joel Ward.
5:22 of 1st period - Stopped by Brian Elliott without a rebound.
5:23 of 1st period - Zemgus Girgensons wins face-off versus Olli Jokinen in Rangers zone.
5:52 of 1st period - Shot by Daniel Sedin.
5:52 of 1st period - Shot Blocked by Kris Russell.
6:31 of 1st period - Shot by Jean-Gabriel Pageau.
6:31 of 1st period - Stopped by Brian Elliott without a rebound.
6:32 of 1st period - Kyle Brodziak wins face-off versus Mikael Backlund in Rangers zone.
6:41 of 1st period - Shot by Mikael Backlund.
6:41 of 1st period - Goal by Mikael Backlund - Rangers : 1 - Flyers : 2.
6:42 of 1st period - Mike Ribeiro wins face-off versus Sean Couturier in neutral zone.
6:53 of 1st period - Shot by Mark Fistric.
6:53 of 1st period - Stopped by Brian Elliott without a rebound.
6:54 of 1st period - Kyle Brodziak wins face-off versus Tomas Tatar in Rangers zone.
6:54 of 1st period - Kyle Brodziak is hit by Karl Alzner.
7:06 of 1st period - Shot by Pierre-Alexandr Parenteau.
7:06 of 1st period - Deflect By Kyle Brodziak.
7:06 of 1st period - Shot Misses the Net.
7:08 of 1st period - Shot by Carl Hagelin.
7:08 of 1st period - Shot Misses the Net.
7:14 of 1st period - Shot by Carl Hagelin.
7:14 of 1st period - Shot Misses the Net.
7:16 of 1st period - Shot by Tom Gilbert.
7:16 of 1st period - Shot Hit the Post.
7:18 of 1st period - Shot by Carl Hagelin.
7:18 of 1st period - Goal by Carl Hagelin - Rangers : 1 - Flyers : 3.
7:19 of 1st period - Daniel Sedin wins face-off versus Benoit Pouliot in neutral zone.
7:42 of 1st period - Shot by Daniel Sedin.
7:42 of 1st period - Stopped by Brian Elliott without a rebound.
7:43 of 1st period - Tomas Tatar wins face-off versus Jean-Gabriel Pageau in Rangers zone.
7:54 of 1st period - Shot by Jean-Gabriel Pageau.
7:54 of 1st period - Stopped by Brian Elliott without a rebound.
7:55 of 1st period - Cedric Paquette wins face-off versus Olli Jokinen in Rangers zone.
7:55 of 1st period - Chris Tanev is hit by Joel Ward and loses puck.
7:59 of 1st period - Icing by Karl Alzner.
8:00 of 1st period - Jean-Gabriel Pageau wins face-off versus Cedric Paquette in Rangers zone.
8:26 of 1st period - Shot by Mike Santorelli.
8:26 of 1st period - Shot Misses the Net.
9:14 of 1st period - Shot by Kris Russell.
9:14 of 1st period - Stopped by Devan Dubnyk with a rebound.
9:45 of 1st period - Shot by Jaromir Jagr.
9:45 of 1st period - Shot Misses the Net.
9:53 of 1st period - Olli Jokinen is hit by Alex Goligoski and loses puck.
10:01 of 1st period - Icing by Kris Russell.
10:02 of 1st period - Tomas Tatar wins face-off versus Kyle Brodziak in Rangers zone.
10:10 of 1st period - Shot by Kyle Brodziak.
10:10 of 1st period - Shot Misses the Net.
10:12 of 1st period - Shot by Carlo Colaiacovo.
10:12 of 1st period - Shot Misses the Net.
10:18 of 1st period - Shot by Carl Hagelin.
10:18 of 1st period - Shot Misses the Net.
10:20 of 1st period - Shot by Mark Fistric.
10:20 of 1st period - Shot Blocked by Alex Goligoski.
10:22 of 1st period - Shot by Pierre-Alexandr Parenteau.
10:22 of 1st period - Shot Misses the Net.
10:24 of 1st period - Shot by Kyle Brodziak.
10:24 of 1st period - Stopped by Brian Elliott without a rebound.
10:25 of 1st period - Zemgus Girgensons wins face-off versus Mike Ribeiro in Rangers zone.
10:25 of 1st period - Tyler Ennis is hit by Jean-Gabriel Pageau and loses puck.
10:34 of 1st period - Shot by Mike Santorelli.
10:34 of 1st period - Shot Misses the Net.
10:36 of 1st period - Shot by Mike Ribeiro.
10:36 of 1st period - Stopped by Brian Elliott without a rebound.
10:37 of 1st period - Kyle Brodziak wins face-off versus Sean Couturier in Rangers zone.
10:45 of 1st period - Sean Couturier is hit by Carl Hagelin and loses puck.
10:55 of 1st period - Off-side.
10:56 of 1st period - Mike Santorelli wins face-off versus Zemgus Girgensons in neutral zone.
11:11 of 1st period - Icing by Anton Volchenkov.
11:12 of 1st period - Olli Jokinen wins face-off versus Tyler Ennis in Rangers zone.
11:41 of 1st period - Shot by Joel Ward.
11:41 of 1st period - Stopped by Brian Elliott without a rebound.
11:42 of 1st period - Tomas Tatar wins face-off versus Mike Ribeiro in Rangers zone.
11:53 of 1st period - Shot by Mikael Backlund.
11:53 of 1st period - Stopped by Devan Dubnyk without a rebound.
11:54 of 1st period - Kyle Brodziak wins face-off versus Sean Couturier in Flyers zone.
12:07 of 1st period - Icing by Karl Alzner.
12:08 of 1st period - Mike Ribeiro wins face-off versus Brad Richards in Rangers zone.
12:31 of 1st period - Shot by Mike Ribeiro.
12:31 of 1st period - Shot Blocked by Chris Tanev.
12:58 of 1st period - Ryan Ellis is hit by Tomas Tatar.
13:07 of 1st period - Kris Russell is hit by Luca Sbisa and loses puck.
13:23 of 1st period - Olli Jokinen is hit by Alex Goligoski.
13:38 of 1st period - Daniel Sedin is hit by Alex Goligoski and loses puck.
13:41 of 1st period - Shot by Joel Ward.
13:41 of 1st period - Stopped by Brian Elliott without a rebound.
13:42 of 1st period - Kyle Brodziak wins face-off versus Zemgus Girgensons in Rangers zone.
13:50 of 1st period - Zemgus Girgensons is hit by Pierre-Alexandr Parenteau.
13:55 of 1st period - Zemgus Girgensons is hit by Mark Fistric and loses puck.
14:16 of 1st period - Shot by Tyler Ennis.
14:16 of 1st period - Stopped by Devan Dubnyk without a rebound.
14:17 of 1st period - Gabriel Bourque wins face-off versus Sean Couturier in Flyers zone.
15:11 of 1st period - Off-side.
15:12 of 1st period - Jaromir Jagr wins face-off versus Mike Ribeiro in neutral zone.
15:15 of 1st period - Jean-Gabriel Pageau is hit by Tomas Tatar and loses puck.
15:55 of 1st period - Icing by Luca Sbisa.
15:56 of 1st period - Zemgus Girgensons wins face-off versus Mike Santorelli in Flyers zone.
16:13 of 1st period - Ryan Ellis is hit by Zemgus Girgensons and loses puck.
16:19 of 1st period - Off-side.
16:20 of 1st period - Cedric Paquette wins face-off versus Kyle Brodziak in neutral zone.
16:37 of 1st period - Shot by Pierre-Alexandr Parenteau.
16:37 of 1st period - Shot Misses the Net.
16:39 of 1st period - Shot by Carl Hagelin.
16:39 of 1st period - Shot Misses the Net.
16:45 of 1st period - Shot by Carl Hagelin.
16:45 of 1st period - Shot Misses the Net.
17:04 of 1st period - Pierre-Alexandr Parenteau is hit by Cedric Paquette and loses puck.
17:18 of 1st period - Mark Fistric is hit by Cedric Paquette and loses puck.
18:17 of 1st period - Shot by Mikael Backlund.
18:17 of 1st period - Shot Misses the Net.
18:19 of 1st period - Shot by Mikael Backlund.
18:19 of 1st period - Shot Blocked by Dan Boyle.
18:47 of 1st period - Icing by Eric Brewer.
18:48 of 1st period - Zemgus Girgensons wins face-off versus Mike Ribeiro in Rangers zone.
18:48 of 1st period - Zemgus Girgensons is hit by Mike Ribeiro.
18:51 of 1st period - Tyler Ennis is hit by Jean-Gabriel Pageau and loses puck.
19:00 of 1st period - Shot by Zemgus Girgensons.
19:00 of 1st period - Shot Misses the Net.
19:05 of 1st period - Craig Smith is hit by Luca Sbisa and loses puck.
19:17 of 1st period - Craig Smith is hit by Luca Sbisa and loses puck.
Goals for this period are 1 for Rangers vs 3 for Flyers.
Shots for this period are 5 for Rangers vs 18 for Flyers.

2nd period


0:01 of 2nd period - Jaromir Jagr wins face-off versus Olli Jokinen in neutral zone.
0:06 of 2nd period - Shot by Mikael Backlund.
0:06 of 2nd period - Shot Misses the Net.
0:08 of 2nd period - Shot by Jaromir Jagr.
0:08 of 2nd period - Shot Misses the Net.
0:22 of 2nd period - Shot by Jaromir Jagr.
0:22 of 2nd period - Deflect By Tomas Tatar.
0:22 of 2nd period - Stopped by Devan Dubnyk with a rebound.
0:26 of 2nd period - Shot by Tomas Tatar.
0:26 of 2nd period - Shot Misses the Net.
0:56 of 2nd period - Eric Brewer is hit by Ryan Ellis and loses puck.
3:07 of 2nd period - Shot by Carl Hagelin.
3:07 of 2nd period - Stopped by Brian Elliott with a rebound.
3:50 of 2nd period - Jaromir Jagr is hit by Gabriel Bourque and loses puck.
4:01 of 2nd period - Shot by Tomas Tatar.
4:01 of 2nd period - Shot Misses the Net.
4:41 of 2nd period - Shot by Carl Hagelin.
4:41 of 2nd period - Shot Misses the Net.
4:55 of 2nd period - Shot by Tyler Ennis.
4:55 of 2nd period - Shot Blocked by Mark Fistric.
5:41 of 2nd period - Shot by Benoit Pouliot.
5:41 of 2nd period - Stopped by Devan Dubnyk without a rebound.
5:42 of 2nd period - Mike Ribeiro wins face-off versus Tomas Tatar in Flyers zone.
5:51 of 2nd period - Icing by Mikael Backlund.
5:52 of 2nd period - Mike Ribeiro wins face-off versus Tomas Tatar in Rangers zone.
6:04 of 2nd period - Shot by Mike Ribeiro.
6:04 of 2nd period - Stopped by Brian Elliott with a rebound.
6:10 of 2nd period - Shot by Mikael Backlund.
6:10 of 2nd period - Shot Misses the Net.
6:12 of 2nd period - Shot by Eric Brewer.
6:12 of 2nd period - Stopped by Devan Dubnyk without a rebound.
6:13 of 2nd period - Zemgus Girgensons wins face-off versus Gabriel Bourque in Flyers zone.
6:50 of 2nd period - Zemgus Girgensons is hit by Gabriel Bourque and loses puck.
7:00 of 2nd period - Icing by Zemgus Girgensons.
7:01 of 2nd period - Mike Ribeiro wins face-off versus Zemgus Girgensons in Rangers zone.
8:08 of 2nd period - Mike Ribeiro is hit by Benoit Pouliot and loses puck.
8:29 of 2nd period - Shot by Brad Richards.
8:29 of 2nd period - Shot Blocked by Carlo Colaiacovo.
8:31 of 2nd period - Shot by Benoit Pouliot.
8:31 of 2nd period - Stopped by Devan Dubnyk with a rebound.
8:33 of 2nd period - Shot by Brad Richards.
8:33 of 2nd period - Shot Blocked by Mark Fistric.
8:38 of 2nd period - Icing by Mark Fistric.
8:39 of 2nd period - Olli Jokinen wins face-off versus Zemgus Girgensons in Flyers zone.
8:53 of 2nd period - Off-side.
8:54 of 2nd period - Cedric Paquette wins face-off versus Kyle Brodziak in neutral zone.
9:02 of 2nd period - Icing by Ryan Ellis.
9:03 of 2nd period - Kyle Brodziak wins face-off versus Tomas Tatar in Flyers zone.
9:12 of 2nd period - Dan Boyle is hit by Tomas Tatar and loses puck.
10:06 of 2nd period - Daniel Sedin is hit by Zemgus Girgensons and loses puck.
10:18 of 2nd period - Tyler Ennis is hit by Carlo Colaiacovo and loses puck.
10:22 of 2nd period - Minor Penalty to Mark Fistric for Holding.
10:23 of 2nd period - Kyle Brodziak wins face-off versus Zemgus Girgensons in Flyers zone.
10:42 of 2nd period - Shot by Kris Russell.
10:42 of 2nd period - Shot Misses the Net.
11:19 of 2nd period - Icing by Chris Tanev.
11:20 of 2nd period - Mike Ribeiro wins face-off versus Tomas Tatar in Rangers zone.
11:29 of 2nd period - Shot by Tyler Ennis.
11:29 of 2nd period - Shot Blocked by Carlo Colaiacovo.
11:33 of 2nd period - Shot by Chris Tanev.
11:33 of 2nd period - Shot Misses the Net.
11:35 of 2nd period - Shot by Chris Tanev.
11:35 of 2nd period - Goal by Chris Tanev - Rangers : 2 - Flyers : 3.
11:36 of 2nd period - Cedric Paquette wins face-off versus Gabriel Bourque in neutral zone.
11:41 of 2nd period - Shot by Lance Bouma.
11:41 of 2nd period - Shot Misses the Net.
11:51 of 2nd period - Shot by Damien Brunner.
11:51 of 2nd period - Shot Misses the Net.
11:53 of 2nd period - Shot by Dan Boyle.
11:53 of 2nd period - Shot Misses the Net.
12:05 of 2nd period - Shot by Dan Boyle.
12:05 of 2nd period - Stopped by Brian Elliott without a rebound.
12:06 of 2nd period - Mike Ribeiro wins face-off versus Sean Couturier in Rangers zone.
12:19 of 2nd period - Shot by Mike Ribeiro.
12:19 of 2nd period - Stopped by Brian Elliott without a rebound.
12:20 of 2nd period - Zemgus Girgensons wins face-off versus Kyle Brodziak in Rangers zone.
12:27 of 2nd period - Shot by Tyler Ennis.
12:27 of 2nd period - Shot Misses the Net.
12:31 of 2nd period - Shot by Craig Smith.
12:31 of 2nd period - Goal by Craig Smith - Rangers : 3 - Flyers : 3.
12:32 of 2nd period - Tomas Tatar wins face-off versus Olli Jokinen in neutral zone.
12:47 of 2nd period - Shot by Tomas Tatar.
12:47 of 2nd period - Shot Misses the Net.
13:06 of 2nd period - Daniel Sedin is hit by Alex Goligoski and loses puck.
13:37 of 2nd period - Shot by Jean-Gabriel Pageau.
13:37 of 2nd period - Stopped by Brian Elliott without a rebound.
13:38 of 2nd period - Tyler Ennis wins face-off versus Kyle Brodziak in Rangers zone.
13:38 of 2nd period - Tyler Ennis is hit by Carl Hagelin.
13:43 of 2nd period - Off-side.
13:44 of 2nd period - Zemgus Girgensons wins face-off versus Mike Ribeiro in neutral zone.
13:52 of 2nd period - Icing by Dan Boyle.
13:53 of 2nd period - Mike Ribeiro wins face-off versus Zemgus Girgensons in Flyers zone.
14:07 of 2nd period - Shot by Mike Ribeiro.
14:07 of 2nd period - Shot Misses the Net.
15:13 of 2nd period - Shot by Tom Gilbert.
15:13 of 2nd period - Shot Misses the Net.
15:41 of 2nd period - Icing by Kris Russell.
15:42 of 2nd period - Kyle Brodziak wins face-off versus Tomas Tatar in Rangers zone.
15:55 of 2nd period - Kris Russell is hit by Pierre-Alexandr Parenteau and loses puck.
16:08 of 2nd period - Kyle Brodziak is hit by Tomas Tatar and loses puck.
16:38 of 2nd period - Icing by Kris Russell.
16:39 of 2nd period - Mikael Backlund wins face-off versus Gabriel Bourque in Rangers zone.
17:01 of 2nd period - Off-side.
17:02 of 2nd period - Mike Ribeiro wins face-off versus Zemgus Girgensons in neutral zone.
17:27 of 2nd period - Shot by Tyler Ennis.
17:27 of 2nd period - Shot Misses the Net.
17:34 of 2nd period - Shot by Jean-Gabriel Pageau.
17:34 of 2nd period - Shot Misses the Net.
17:46 of 2nd period - Ryan Ellis is hit by Craig Smith and loses puck.
18:10 of 2nd period - Shot by Benoit Pouliot.
18:10 of 2nd period - Stopped by Devan Dubnyk without a rebound.
18:11 of 2nd period - Olli Jokinen wins face-off versus Sean Couturier in Flyers zone.
18:17 of 2nd period - Joel Ward is hit by Eric Brewer and loses puck.
18:38 of 2nd period - Shot by Sean Couturier.
18:38 of 2nd period - Stopped by Devan Dubnyk with a rebound.
18:40 of 2nd period - Shot by Anton Volchenkov.
18:40 of 2nd period - Stopped by Devan Dubnyk without a rebound.
18:41 of 2nd period - Jaromir Jagr wins face-off versus Kyle Brodziak in Flyers zone.
19:00 of 2nd period - Mark Fistric is hit by Jaromir Jagr and loses puck.
19:13 of 2nd period - Shot by Tomas Tatar.
19:13 of 2nd period - Stopped by Devan Dubnyk without a rebound.
19:14 of 2nd period - Olli Jokinen wins face-off versus Sean Couturier in Flyers zone.
19:19 of 2nd period - Shot by Joel Ward.
19:19 of 2nd period - Goal by Joel Ward - Rangers : 3 - Flyers : 4.
19:20 of 2nd period - Sean Couturier wins face-off versus Olli Jokinen in neutral zone.
19:30 of 2nd period - Icing by Luca Sbisa.
19:31 of 2nd period - Olli Jokinen wins face-off versus Tomas Tatar in Flyers zone.
19:31 of 2nd period - Olli Jokinen is hit by Mikael Backlund.
19:55 of 2nd period - Shot by Joel Ward.
19:55 of 2nd period - Shot Misses the Net.
Goals for this period are 2 for Rangers vs 1 for Flyers.
Shots for this period are 10 for Rangers vs 6 for Flyers.

3rd period


0:01 of 3rd period - Tomas Tatar wins face-off versus Joel Ward in neutral zone.
0:33 of 3rd period - Icing by Kris Russell.
0:34 of 3rd period - Mike Ribeiro wins face-off versus Tomas Tatar in Rangers zone.
1:00 of 3rd period - Shot by Jean-Gabriel Pageau.
1:00 of 3rd period - Shot Misses the Net.
1:02 of 3rd period - Shot by Luca Sbisa.
1:02 of 3rd period - Stopped by Brian Elliott with a rebound.
1:04 of 3rd period - Shot by Tom Gilbert.
1:04 of 3rd period - Shot Misses the Net.
1:56 of 3rd period - Shot by Zemgus Girgensons.
1:56 of 3rd period - Stopped by Devan Dubnyk without a rebound.
1:57 of 3rd period - Kyle Brodziak wins face-off versus Sean Couturier in Flyers zone.
2:20 of 3rd period - Shot by Benoit Pouliot.
2:20 of 3rd period - Stopped by Devan Dubnyk without a rebound.
2:21 of 3rd period - Olli Jokinen wins face-off versus Cedric Paquette in Flyers zone.
2:34 of 3rd period - Shot by Cedric Paquette.
2:34 of 3rd period - Stopped by Devan Dubnyk without a rebound.
2:35 of 3rd period - Kyle Brodziak wins face-off versus Zemgus Girgensons in Flyers zone.
2:57 of 3rd period - Shot by Craig Smith.
2:57 of 3rd period - Shot Misses the Net.
3:10 of 3rd period - Icing by Mark Fistric.
3:11 of 3rd period - Kyle Brodziak wins face-off versus Tomas Tatar in Flyers zone.
3:20 of 3rd period - Shot by Pierre-Alexandr Parenteau.
3:20 of 3rd period - Shot Misses the Net.
3:22 of 3rd period - Shot by Carl Hagelin.
3:22 of 3rd period - Shot Misses the Net.
3:24 of 3rd period - Shot by Mark Fistric.
3:24 of 3rd period - Shot Misses the Net.
3:26 of 3rd period - Shot by Carlo Colaiacovo.
3:26 of 3rd period - Stopped by Brian Elliott without a rebound.
3:27 of 3rd period - Olli Jokinen wins face-off versus Sean Couturier in Rangers zone.
4:06 of 3rd period - Shot by Joel Ward.
4:06 of 3rd period - Shot Misses the Net.
4:26 of 3rd period - Shot by Mike Santorelli.
4:26 of 3rd period - Stopped by Brian Elliott with a rebound.
4:28 of 3rd period - Shot by Mike Santorelli.
4:28 of 3rd period - Stopped by Brian Elliott without a rebound.
4:29 of 3rd period - Kyle Brodziak wins face-off versus Tomas Tatar in Rangers zone.
4:43 of 3rd period - Shot by Pierre-Alexandr Parenteau.
4:43 of 3rd period - Shot Misses the Net.
5:38 of 3rd period - Shot by Zemgus Girgensons.
5:38 of 3rd period - Shot Blocked by Jean-Gabriel Pageau.
5:47 of 3rd period - Off-side.
5:48 of 3rd period - Olli Jokinen wins face-off versus Cedric Paquette in neutral zone.
6:01 of 3rd period - Shot by Daniel Sedin.
6:01 of 3rd period - Stopped by Brian Elliott without a rebound.
6:02 of 3rd period - Sean Couturier wins face-off versus Mike Ribeiro in Rangers zone.
6:09 of 3rd period - Luca Sbisa is hit by Benoit Pouliot and loses puck.
6:17 of 3rd period - Off-side.
6:18 of 3rd period - Tomas Tatar wins face-off versus Joel Ward in neutral zone.
6:18 of 3rd period - Tomas Tatar is hit by Joel Ward.
6:40 of 3rd period - Tomas Tatar is hit by Ryan Ellis and loses puck.
7:29 of 3rd period - Icing by Luca Sbisa.
7:30 of 3rd period - Mike Ribeiro wins face-off versus Craig Smith in Flyers zone.
7:58 of 3rd period - Icing by Chris Tanev.
7:59 of 3rd period - Zemgus Girgensons wins face-off versus Kyle Brodziak in Rangers zone.
8:13 of 3rd period - Icing by Zemgus Girgensons.
8:14 of 3rd period - Zemgus Girgensons wins face-off versus Olli Jokinen in Rangers zone.
8:31 of 3rd period - Shot by Tyler Ennis.
8:31 of 3rd period - Stopped by Devan Dubnyk without a rebound.
8:32 of 3rd period - Mike Ribeiro wins face-off versus Sean Couturier in Flyers zone.
8:32 of 3rd period - Mike Ribeiro is hit by Brad Richards.
9:12 of 3rd period - Shot by Benoit Pouliot.
9:12 of 3rd period - Deflect By Brad Richards.
9:12 of 3rd period - Shot Blocked by Tom Gilbert.
9:14 of 3rd period - Shot by Alex Goligoski.
9:14 of 3rd period - Stopped by Devan Dubnyk without a rebound.
9:15 of 3rd period - Olli Jokinen wins face-off versus Mikael Backlund in Flyers zone.
9:15 of 3rd period - Olli Jokinen is hit by Jaromir Jagr.
9:46 of 3rd period - Icing by Eric Brewer.
9:47 of 3rd period - Mikael Backlund wins face-off versus Kyle Brodziak in Rangers zone.
9:51 of 3rd period - Off-side.
9:52 of 3rd period - Mike Ribeiro wins face-off versus Zemgus Girgensons in neutral zone.
10:08 of 3rd period - Zemgus Girgensons is hit by Luca Sbisa and loses puck.
10:13 of 3rd period - Shot by Tyler Ennis.
10:13 of 3rd period - Shot Misses the Net.
10:15 of 3rd period - Shot by Zemgus Girgensons.
10:15 of 3rd period - Stopped by Devan Dubnyk without a rebound.
10:16 of 3rd period - Olli Jokinen wins face-off versus Tomas Tatar in Flyers zone.
11:13 of 3rd period - Icing by Chris Tanev.
11:14 of 3rd period - Tomas Tatar wins face-off versus Mike Ribeiro in Rangers zone.
11:30 of 3rd period - Mike Ribeiro is hit by Kris Russell and loses puck.
11:43 of 3rd period - Jean-Gabriel Pageau is hit by Zemgus Girgensons and loses puck.
12:05 of 3rd period - Alex Goligoski is hit by Pierre-Alexandr Parenteau and loses puck.
12:13 of 3rd period - Kris Russell is hit by Mark Fistric and loses puck.
12:25 of 3rd period - Sean Couturier is hit by Mark Fistric and loses puck.
12:46 of 3rd period - Benoit Pouliot is hit by Mark Fistric and loses puck.
13:20 of 3rd period - Dan Boyle is hit by David Jones and loses puck.
13:58 of 3rd period - Shot by Mike Santorelli.
13:58 of 3rd period - Shot Blocked by Chris Tanev.
14:23 of 3rd period - Icing by Mikael Backlund.
14:24 of 3rd period - Gabriel Bourque wins face-off versus Tomas Tatar in Rangers zone.
15:19 of 3rd period - Icing by Carlo Colaiacovo.
15:20 of 3rd period - Zemgus Girgensons wins face-off versus Gabriel Bourque in Flyers zone.
16:02 of 3rd period - Shot by Tyler Ennis.
16:02 of 3rd period - Stopped by Devan Dubnyk without a rebound.
16:03 of 3rd period - Kyle Brodziak wins face-off versus Sean Couturier in Flyers zone.
16:15 of 3rd period - Minor Penalty to Carl Hagelin for Boarding.
16:16 of 3rd period - Zemgus Girgensons wins face-off versus Kyle Brodziak in Flyers zone.
16:29 of 3rd period - Shot by Zemgus Girgensons.
16:29 of 3rd period - Stopped by Devan Dubnyk without a rebound.
16:30 of 3rd period - Kyle Brodziak wins face-off versus Tomas Tatar in Flyers zone.
16:47 of 3rd period - Shot by Alex Goligoski.
16:47 of 3rd period - Stopped by Devan Dubnyk without a rebound.
16:48 of 3rd period - Kyle Brodziak wins face-off versus Zemgus Girgensons in Flyers zone.
17:11 of 3rd period - Shot by Chris Tanev.
17:11 of 3rd period - Stopped by Devan Dubnyk without a rebound.
17:12 of 3rd period - Tomas Tatar wins face-off versus Kyle Brodziak in Flyers zone.
17:39 of 3rd period - Shot by Alex Goligoski.
17:39 of 3rd period - Stopped by Devan Dubnyk with a rebound.
17:52 of 3rd period - Shot by Kris Russell.
17:52 of 3rd period - Stopped by Devan Dubnyk without a rebound.
17:53 of 3rd period - Zemgus Girgensons wins face-off versus Kyle Brodziak in Flyers zone.
18:23 of 3rd period - Icing by David Jones.
18:24 of 3rd period - Gabriel Bourque wins face-off versus Cedric Paquette in Rangers zone.
19:00 of 3rd period - Rangers, Brian Elliott is pulled from the net.
19:47 of 3rd period - Shot by Kris Russell.
19:47 of 3rd period - Stopped by Devan Dubnyk without a rebound.
19:48 of 3rd period - Mike Ribeiro wins face-off versus Tomas Tatar in Flyers zone.
Goals for this period are 0 for Rangers vs 0 for Flyers.
Shots for this period are 13 for Rangers vs 5 for Flyers.